 Dungeon Crawl Stone Soup version 0.30-a0-772-g5528072125 (webtiles) character file.

Game seed: 11571785137990883181

4 jimonade the Grasshopper (level 1, 0/22 HPs)
             Began as an Ogre Warper on Feb 13, 2023.
             Frozen to death by an endoplasm (5 damage)
             ... on level 1 of the Dungeon.
             The game lasted 00:00:49 (75 turns).

jimonade the Grasshopper (Ogre Warper)                Turns: 75, Time: 00:00:50

Health: 0/22       AC:  3    Str: 14    XL:     1   Next: 60%
Magic:  4/4        EV:  9    Int: 14    God:
Gold:   9          SH:  0    Dex:  8    Spells: 5/5 levels left

rFire   . . .      SeeInvis .    a - +0 mace
rCold   . . .      Faith    .    (no shield)
rNeg    . . .      Spirit   .    b - +0 robe
rPois   .          Reflect  .    (helmet restricted)
rElec   .          Harm     .    (no cloak)
rCorr   .          Rampage  .    (gloves unavailable)
Will    .....                    (boots unavailable)
Stlth   +                        (no amulet)
HPRegen 0.23/turn                (no ring)
MPRegen 0.09/turn                (no ring)

@: no status effects
A: large, unfitting armour, tough skin 1
a: no special abilities


You were on level 1 of the Dungeon.
You visited 1 branch of the dungeon, and saw 1 of its levels.

You collected 9 gold pieces.

Inventory:

Hand Weapons
 a - a +0 mace (weapon)
Missiles
 d - 7 boomerangs of dispersal (quivered)
Armour
 b - a +0 robe (worn)
Scrolls
 c - a scroll of blinking


   Skills:
 + Level 2.8 Fighting
 * Level 1.7 Maces & Flails
 + Level 1.0 Throwing
 + Level 2.2 Dodging
 + Level 2.5 Spellcasting
 + Level 2.8 Translocations


You had 5 spell levels left.
You didn't know any spells.
Your spell library contained the following spells:

 Spells                   Type           Power      Damage    Failure   Level
 Blink                    Tloc           18%        N/A       11%         2
 Lesser Beckoning         Tloc           18%        N/A       11%         2
 Teleport Other           Tloc           9%         N/A       22%         3
 Vhi's Electric Charge    Tloc/Air       10%        N/A       36%         3
 Manifold Assault         Tloc           9%         N/A       56%         4


Dungeon Overview and Level Annotations

Branches:
Dungeon (1/15)

Altars:

Shops:
D:1 :

Annotations:
D:1 2 transporters


Innate Abilities, Weirdness & Mutations

You are too large for most types of armour.
You have tough skin. (AC +1)


Message History

You kill the ball python!
The bat hits you. The bat closely misses you.
The bat hits you but does no damage. The goblin hits you with a +0 dagger.
You see here a ball python corpse.
You closely miss the goblin. The bat hits you but does no damage.
The goblin hits you with a +0 dagger. The bat hits you.
You barely miss the goblin. The bat hits you but does no damage.
The bat barely misses you. The goblin closely misses you.
The bat hits you but does no damage.
You closely miss the goblin. The bat hits you but does no damage.
An endoplasm comes into view.
The goblin closely misses you. The goblin hits you with a +0 dagger.
You closely miss the goblin.
The endoplasm quivers.
The bat hits you but does no damage. The goblin hits you but does no damage.
You barely miss the goblin. The bat barely misses you.
The bat hits you but does no damage. The bat completely misses you.
The goblin barely misses you.
You hit the goblin but do no damage. The bat hits you but does no damage. x2
The goblin hits you with a +0 dagger. The bat closely misses you.
You hit the goblin.
You kill the goblin!
The bat closely misses you. The bat hits you but does no damage.
The endoplasm freezes you.
You are frozen.
You are too injured to fight recklessly!
You are too injured to fight recklessly!
You are too injured to fight recklessly!
The endoplasm attacks as you move away! The endoplasm hits you.
The bat hits you but does no damage.
You hit the endoplasm.
The endoplasm is lightly wounded.
The endoplasm freezes you.
You are frozen.
* * * LOW HITPOINT WARNING * * *
You barely miss the endoplasm.
The endoplasm is lightly wounded.
The endoplasm freezes you.
You are frozen.
You die...

≈≈≈≈≈≈≈≈≈≈≈~...
~≈≈≈≈≈~~~≈≈≈##
≈≈≈≈≈~.⌠.~~≈##. ###
~≈≈≈~.©<©.~≈###. ..
#≈≈≈≈~...~≈≈##...###.#
#≈≈≈≈≈~.~~≈≈...#.b...#
#~≈≈≈≈≈≈.≈≈≈.## ##..####
##~≈≈≈≈.≈≈≈≈## ###).....#
##~~≈.~~≈≈.####@Jb####..(#
#####..##.....#..### #.#
...∩.............# .
....#####.######......
....# #..# ####### ..†##
#.## ...#####.# ......>).#
##########


You could see an endoplasm and a bat.

Vanquished Creatures
  3 ball pythons (D:1)
  A goblin (D:1)
  A rat (D:1)
5 creatures vanquished.

Notes
Turn   | Place    | Note
-------+----------+-------------------------------------------
     0 | D:1      | jimonade the Ogre Warper began the quest for the Orb.
     0 | D:1      | Reached XP level 1. HP: 22/22 MP: 3/3
     2 | D:1      | Found Xenoris's Book Shoppe.
    75 | D:1      | Frozen to death by an endoplasm

Illustrated notes

Levels and vault maps discovered:
D:1:      spicycebolla_arrival_transporter_tutorial, layout_rooms, serial_shops,
          shop, chequers_jeans

Action                     || total
---------------------------++-------
  Melee: Mace              ||    19
 Armour: Robe              ||    15
  Dodge: Dodged            ||    15

Table legend: (Time is in decaauts)
 A = Elapsed time spent in this place.
 B = Non-inter-level travel time spent in this place.
 C = Inter-level travel time spent in this place.
 D = Time resting spent in this place.
 E = Time spent auto-exploring this place.
 F = Levels seen in this place.
 G = Mean time per level.
                   A        B        C        D        E       F      G
               +--------+--------+--------+--------+--------+-----+--------+
         Total |     80 |     80 |      0 |      0 |     30 |   1 |   80.0 |
       Dungeon |     80 |     80 |      0 |      0 |     30 |   1 |   80.0 |
               +--------+--------+--------+--------+--------+-----+--------+

Top non-repeatable levels by time:
     D:1: 80 daAuts
